 Dungeon Crawl Stone Soup version 0.17-a0-1468-gbf503c2 (webtiles) character file.

3824 pulse the Protected (level 10, 0/82 HPs)
             Began as a Formicid Berserker on July 1, 2015.
             Was an Elder of Trog.
             Slain by a freezing wraith (4 damage)
             ... in an ice cave.
             The game lasted 00:21:58 (8291 turns).

pulse the Protected (Formicid Berserker)            Turns: 8291, Time: 00:21:58

Health: 0/82       AC: 22    Str: 29    XL:     10   Next: 40%
Magic:  10/10      EV:  9    Int:  7    God:    Trog [****..]
Gold:   367        SH:  0    Dex: 10    Spells: 0 memorised, 9 levels left

rFire  x . .     SeeInvis +     w - +2 flail (protect)
rCold  + . .     Clarity  .     g - +0 chain mail
rNeg   . . .     SustAt   .     (no shield)
rPois  .         Gourm    .     (helmet unavailable)
rElec  .         Spirit   .     j - +1 cloak
rCorr  .         Warding  .     (no gloves)
rMut   .         Stasis   +     n - +2 pair of boots
MR     +....                    (no amulet)
Stlth  ..........               u - +4 ring of strength
                                p - ring of ice

@: somewhat resistant to hostile enchantments, extremely unstealthy
A: permanent stasis, dig shafts and tunnels, four strong arms, antennae 3
a: Dig, Shaft Self, Burn Spellbooks, Trog's Hand, Brothers in Arms, Renounce
Religion


You were in an ice cave.
You worshipped Trog.
Trog was greatly pleased with you.
You were not hungry.

You visited 1 branch of the dungeon, and saw 9 of its levels.
You also visited: Sewer and Ice Cave.

You collected 367 gold pieces.

Inventory:

Hand weapons
 a - a +1 hand axe
 w - a +2 flail of protection (weapon)
Armour
 f - a +0 scale mail of fire resistance
 g - a +0 chain mail (worn)
 j - a +1 cloak (worn)
 n - a +2 pair of boots (worn)
Jewellery
 d - an uncursed ring of fire
 k - an uncursed ring of flight
 p - a ring of ice (left hand)
 u - a +4 ring of strength (right hand)
Magical devices
 m - a wand of disintegration (0)
 x - a wand of cold (0)
Scrolls
 h - 3 scrolls of remove curse
 r - a scroll of magic mapping
 s - 2 scrolls of teleportation
 t - a scroll of recharging
 v - a scroll of enchant weapon
Potions
 i - 2 potions of magic
 q - 3 potions of flight
Comestibles
 c - 3 bread rations
 o - 2 meat rations


   Skills:
 + Level 8.4 Fighting
 * Level 9.5 Axes
 + Level 9.7 Armour
 - Level 1.7 Dodging
 + Level 0.7 Evocations


You had 9 spell levels left.
You didn't know any spells.

Dungeon Overview and Level Annotations

Branches:
Dungeon (12/15)            Temple (0/1) D:5             Orc (0/4) D:9
   Lair: D:8-11

Altars:
Ashenzari
Cheibriados
Elyvilon
Fedhas
Okawaru
Ru
Xom

Shops:
D:7 %   D:9 [


Innate Abilities, Weirdness & Mutations

You are under a permanent stasis effect.
You can dig through walls and to a lower floor.
Your four strong arms can wield two-handed weapons with a shield.
You have a pair of large antennae on your head (SInv).


Message History

The freezing wraith hits you!
* * * LOW HITPOINT WARNING * * *
The freezing wraith freezes you. You resist.
* * * LOW HITPOINT WARNING * * *
The freezing wraith closely misses you.
Drink which item? (? for menu, Esc to quit)
Okay, then.
Read which item? (? for menu, Esc to quit)
As you read the scroll of magic mapping, it crumbles to dust.
You feel aware of your surroundings.
You sensed 1 altar.
The freezing wraith barely misses you.
The freezing wraith hits you but does no damage.
Unknown command.
Drink which item? (? for menu, Esc to quit)
Okay, then.
You hit the freezing wraith.
The freezing wraith is severely damaged.
The freezing wraith hits you but does no damage.
The freezing wraith hits you.
You die...

,*,,** *,,**,,,**
,,,** **,****...#*
,,,* **,,* **W..#*
,,,* *,,** **...*
,,,***,,* **..##
,,***,,** #####*..#
,,***,,* ##...###.##
,,**,,** ##.....##.W#
,,,*,,***#...#..@#..#
**,,,**≈*#..####.W..#
***,**≈≈##..# ##...#
≈****≈≈##..## ##.##
≈≈≈≈≈≈##...# ###
≈≈*≈≈##....##
####*#......#
#..####.....##
....##.......#


You could see a freezing wraith.

Vanquished Creatures
  A two-headed ogre (D:5)
  The ghost of Pikaro the Gusty, an average TeAE (D:4)
  Eustachio (D:6)
  A hippogriff (D:7)
  A steam dragon (D:7)
  An orc warrior (D:6)
  7 ice beasts
  2 ogres (D:6)
  A phantom (D:4)
  2 centaurs (D:6)
  5 big kobolds
  5 giant frogs
  4 crimson imps
  6 orc wizards
  2 hounds
  5 iguanas
  2 orc priests (D:5)
  2 giant frog skeletons
  A quasit (D:5)
  3 worker ants
  A wolf simulacrum (IceCv)
  A hound zombie (D:5)
  A hound skeleton (D:5)
  6 adders
  A worker ant zombie (D:6)
  7 gnolls
  A shadow imp (D:5)
  3 white imps (IceCv)
  3 oozes
  2 adder zombies (D:5)
  An adder skeleton (D:4)
  5 worms
  6 giant geckos
  25 orcs
  13 bats
  A giant cockroach (D:4)
  15 goblins
  13 hobgoblins
  6 jackals
  3 quokkas
  5 ball pythons
  2 giant gecko skeletons
  6 giant newts
  2 jackal skeletons
  21 kobolds
  19 rats
222 creatures vanquished.

Vanquished Creatures (collateral kills)
  A death yak simulacrum (IceCv)
  An ice beast (IceCv)
  An elephant simulacrum (IceCv)
  A wolf simulacrum (IceCv)
  2 white imps (IceCv)
6 creatures vanquished.

Grand Total: 228 creatures vanquished

Notes
Turn   | Place    | Note
--------------------------------------------------------------
     0 | D:1      | pulse the Formicid Berserker began the quest for the Orb.
     0 | D:1      | Reached XP level 1. HP: 18/18 MP: 1/1
   479 | D:1      | Reached XP level 2. HP: 22/24 MP: 2/2
   659 | D:1      | Reached XP level 3. HP: 20/30 MP: 3/3
  1053 | D:2      | Acquired Trog's second power
  1338 | D:2      | Found a faded altar to an unknown god.
  1576 | D:2      | Reached XP level 4. HP: 33/37 MP: 4/4
  1610 | D:2      | Reached skill level 4 in Axes
  1778 | D:2      | Found a snail-covered altar of Cheibriados.
  2177 | D:3      | Found a sacrificial altar of Ru.
  2312 | D:3      | Reached XP level 5. HP: 34/42 MP: 5/5
  2425 | D:3      | Found an iron altar of Okawaru.
  2513 | D:3      | Found a shimmering altar of Xom.
  2649 | D:3      | Reached skill level 5 in Axes
  2649 | D:3      | Reached XP level 6. HP: 17/49 MP: 6/6
  3181 | D:4      | Found a shattered altar of Ashenzari.
  3353 | D:4      | Reached XP level 7. HP: 15/55 MP: 7/7
  3450 | D:4      | Found a glowing drain.
  3459 | Sewer    | Entered a sewer
  3824 | Sewer    | Reached skill level 6 in Axes
  3961 | Sewer    | Reached skill level 5 in Fighting
  4040 | Sewer    | Reached skill level 5 in Armour
  4100 | D:4      | Noticed Pikaro's ghost (average TeAE)
  4113 | D:4      | Killed Pikaro's ghost
  4113 | D:4      | Reached skill level 7 in Axes
  4113 | D:4      | Reached XP level 8. HP: 46/62 MP: 8/8
  4320 | D:4      | Acquired Trog's third power
  4872 | D:5      | Entered Level 5 of the Dungeon
  4982 | D:5      | Found a staircase to the Ecumenical Temple.
  5005 | D:5      | Noticed a two-headed ogre
  5012 | D:5      | Killed a two-headed ogre
  5269 | D:5      | Reached skill level 8 in Axes
  5290 | D:5      | Reached XP level 9. HP: 31/69 MP: 9/9
  6143 | D:6      | Noticed Eustachio
  6169 | D:6      | Killed Eustachio
  6204 | D:6      | Found a white marble altar of Elyvilon.
  6821 | D:6      | Reached skill level 9 in Axes
  7177 | D:7      | Found a blossoming altar of Fedhas.
  7240 | D:7      | Found Ribou's Food Shoppe.
  7252 | D:7      | Reached XP level 10. HP: 77/80 MP: 10/10
  7929 | D:7      | You fall through a shaft for 2 floors!
  7929 | D:9      | Found Demie's Armour Emporium.
  7929 | D:9      | Found a staircase to the Orcish Mines.
  7935 | D:9      | You fall through a shaft for 3 floors!
  7935 | D:12     | Found a frozen archway.
  7939 | IceCv    | Entered an ice cave
  8289 | IceCv    | HP: 4/82 [freezing wraith (6)]
  8291 | IceCv    | Slain by a freezing wraith

Vault maps used:
D:1:      dpeg_arrival_another_circle, serial_bayou_lagoon_a,
          corexii_hall_statues_i, st_stairs_4, minmay_misc_feat_alley
D:2:      overflow_temple_1_default, ecumenical_altar_2
D:3:      nicolae_overflow_crystal_walls, nicolae_overflow_hidden_temple,
          led_xom_imps, lemuel_crystal_altar, first_bread, minmay_crystal_room,
          minmay_goblin_kobold_house
D:4:      overflow_temple_1_default, lightli_sewer_entry_pipes
D:5:      minmay_temple_entry_poolview
D:6:      basic_altar, uniq_eustachio
D:7:      serial_shops, shop, fedhas_altar_2
D:9:      nicolae_qazlal_style_of_elements, orc_david_3
D:12:     portal_ice_cave_entry_pillars_01, hangedman_stone_soup
Sewer:    sewer_co_15_rooms
IceCv:    ice_cave_small_necro

Action                   |  1- 3 |  4- 6 |  7- 9 | 10-12 || total
-------------------------+-------+-------+-------+-------++-------
Melee: Hand axe          |   133 |   235 |   191 |       ||   559
       Flail             |       |       |   312 |   107 ||   419
Invok: Burn Spellbooks   |       |       |     1 |       ||     1
       Trog's Hand       |       |       |       |     2 ||     2
       Brothers in Arms  |       |       |       |     2 ||     2
 Abil: Evoke Flight      |       |       |     1 |       ||     1
       Shaft Self        |       |       |       |     1 ||     1
Evoke: Wand              |       |       |     2 |     2 ||     4
  Use: Potion            |       |     2 |     1 |     8 ||    11
       Scroll            |       |     5 |     8 |     2 ||    15
  Eat: Chunk             |     2 |     6 |     9 |     1 ||    18
       Bread ration      |       |       |     1 |     1 ||     2
